 Dungeon Crawl Stone Soup version 0.25-a0-67-g7dccc1bee0 (webtiles) character file.

Game seed: 1441639575041694617, levelgen mode: deterministic

41570 keltmir the Thaumaturge (level 14, -17/109 HPs)
             Began as a Gnoll Skald on Nov 1, 2019.
             Was a High Priest of Okawaru.
             Demolished by a death yak simulacrum (58 damage)
             ... on level 5 of the Lair of Beasts.
             The game lasted 01:29:39 (30970 turns).

keltmir the Thaumaturge (Gnoll Skald)              Turns: 30970, Time: 01:29:40

Health: -17/109    AC: 13    Str: 19    XL:     14   Next: 16%
Magic:  27/28      EV: 14    Int: 17    God:    Okawaru [*****.]
Gold:   1079       SH:  9    Dex: 18    Spells: 15/33 levels left

rFire    + . .     SeeInvis .   X - +8 whip "Snakebite" {curare, rPois}
rCold    x . .     Gourm    .   Q - +2 buckler
rNeg     + . .     Faith    .   T - +0 chain mail "Ikhud" {*Drain rCorr Int+2}
rPois    +         Spirit   .   H - +1 helmet "Xihor" {rN+ rCorr}
rElec    +         Reflect  .   (no cloak)
rCorr    +         Harm     .   (no gloves)
MR       ++...                  (no boots)
Stlth    ++........             (no amulet)
HPRegen  0.28/turn              u - ring of Pemodo Qoemn {Fire rElec MR+ Stlth+}
MPRegen  0.21/turn              W - +3 ring of dexterity

@: studying Translocations
A: distributed training, fangs 1, strong nose
a: Heroism, Finesse, Renounce Religion


You were on level 5 of the Lair of Beasts.
You worshipped Okawaru.
Okawaru was extremely pleased with you.
You were not hungry.

You visited 2 branches of the dungeon, and saw 17 of its levels.
You also visited: Volcano.

You collected 1079 gold pieces.

Inventory:

Hand Weapons
 s - the +3 great sword "Yrourug" {elec, rC+}
   (You found it on level 5 of the Lair of Beasts)

   Occasionally, upon striking a foe, it will discharge some electrical energy
   and cause terrible harm.
   It protects you from cold.
 X - the +8 whip "Snakebite" (weapon) {curare, rPois}
   (You found it on level 3 of the Lair of Beasts)

   It poisons the flesh of those it strikes.
   It protects you from poison.
Missiles
 f - 14 curare-tipped darts
 k - 76 poisoned darts
 t - 5 boomerangs of dispersal
 B - 11 boomerangs (quivered)
 L - 3 silver boomerangs
Armour
 H - the +1 helmet "Xihor" (worn) {rN+ rCorr}
   (Okawaru gifted it to you on level 5 of the Lair of Beasts)

   It protects you from negative energy.
   It provides partial protection from all sources of acid and corrosion.
 Q - a +2 buckler (worn)
 S - a +2 shield of protection
 T - the +0 chain mail "Ikhud" (worn) {*Drain rCorr Int+2}
   (You found it on level 1 of the Lair of Beasts)

   It affects your intelligence (+2).
   It provides partial protection from all sources of acid and corrosion.
   It causes draining when unequipped.
Jewellery
 h - an uncursed ring of wizardry
 j - an uncursed ring of poison resistance
 u - the ring of Pemodo Qoemn (left hand) {Fire rElec MR+ Stlth+}
   (You found it on level 5 of the Lair of Beasts)

   [ring of fire]

   It enhances your fire magic.
   It protects you from fire.
   It makes you vulnerable to cold.
   It insulates you from electricity.
   It affects your resistance to hostile enchantments.
   It makes you more stealthy.
 P - an uncursed ring of magical power
 V - a +3 ring of intelligence
 W - a +3 ring of dexterity (right hand)
Wands
 a - a wand of paralysis (14)
 b - a wand of flame (14)
 l - a wand of acid (4)
 J - a wand of polymorph (17)
 K - a wand of clouds (13)
Scrolls
 c - a scroll of acquirement {unknown}
 e - 12 scrolls of remove curse
 g - a scroll of holy word {unknown}
 n - 5 scrolls of amnesia
 p - 4 scrolls of fog
 v - 2 scrolls of immolation {unknown}
 x - 2 scrolls of enchant weapon
 z - a scroll of vulnerability
 A - 3 scrolls of brand weapon {unknown}
 D - 3 scrolls of silence
 F - 2 scrolls of fear
 R - 2 scrolls of teleportation
Potions
 i - 4 potions of curing
 m - 2 potions of ambrosia
 q - 4 potions of cancellation
 w - 2 potions of lignification
 E - 2 potions of agility
 G - 2 potions of might
 I - 2 potions of mutation {unknown}
 O - 2 potions of flight {unknown}
 U - 3 potions of heal wounds
 Y - a potion of resistance {unknown}
 Z - 2 potions of brilliance {unknown}
Books
 o - a manual of Translocations
Miscellaneous
 r - a phial of floods
Comestibles
 d - 15 rations


   Skills:
 + Level 9.9 Fighting
 + Level 8.8 Short Blades
 + Level 8.8 Long Blades
 + Level 8.8 Axes
 + Level 8.8 Maces & Flails
 + Level 9.9 Polearms
 + Level 8.8 Staves
 + Level 8.8 Slings
 + Level 8.8 Bows
 + Level 8.8 Crossbows
 + Level 8.8 Throwing
 + Level 9.2 Armour
 + Level 9.9 Dodging
 + Level 8.8 Stealth
 + Level 8.8 Shields
 + Level 8.8 Unarmed Combat
 + Level 10.1 Spellcasting
 + Level 7.3 Conjurations
 + Level 7.3 Hexes
 + Level 9.2 Charms
 + Level 7.3 Summonings
 + Level 7.3 Necromancy
 + Level 9.2 Translocations
 + Level 7.3 Transmutations
 + Level 7.3 Fire Magic
 + Level 7.3 Ice Magic
 + Level 7.3 Air Magic
 + Level 7.3 Earth Magic
 + Level 7.3 Poison Magic
 + Level 9.6 Invocations
 + Level 8.8 Evocations


You had 15 spell levels left.
You knew the following spells:

 Your Spells              Type           Power        Failure   Level  Hunger
a - Infusion              Chrm           ####         1%          1    None
b - Spectral Weapon       Hex/Chrm       #####...     7%          3    None
c - Regeneration          Chrm/Necr      #####.....   7%          3    None
d - Song of Slaying       Chrm           #####...     2%          2    None
e - Teleport Other        Tloc           #####...     4%          3    None
f - Dazzling Spray        Conj/Hex       ####..       10%         3    None
g - Tukima's Dance        Hex            ####....     10%         3    None

Your spell library contained the following spells:

 Spells                   Type           Power        Failure   Level  Hunger
 Shroud of Golubria       Chrm/Tloc      #####.       2%          2    None
 Corona                   Hex            ####...      3%          1    None
 Freeze                   Ice            ####         3%          1    None
 Ensorcelled Hibernation  Hex/Ice        ####..       4%          2    None
 Sticks to Snakes         Tmut           ####....     4%          2    None
 Throw Frost              Conj/Ice       ####..       4%          2    None
 Gell's Gravitas          Tloc           #####.....   4%          3    None
 Ozocubu's Armour         Chrm/Ice       #####...     7%          3    None
 Confuse                  Hex            ####....     10%         3    None
 Static Discharge         Conj/Air       ####....     10%         3    None
 Summon Ice Beast         Ice/Summ       ####....     32%         4    ###....
 Throw Icicle             Conj/Ice       ####....     32%         4    ###....
 Iskenderun's Battlesphe  Conj/Chrm      #####...     52%         5    #####..
 Alistair's Intoxication  Tmut/Pois      ####....     65%         5    #####..
 Bolt of Magma            Conj/Fire/Erth ######....   65%         5    #####..
 Lightning Bolt           Conj/Air       ####......   65%         5    #####..
 Venom Bolt               Conj/Pois      ####......   65%         5    #####..
 Iron Shot                Conj/Erth      ####......   99%         6    ######.
 Dragon Form              Tmut           ####......   100%        7    #######
 Orb of Destruction       Conj           ####......   100%        7    #######
 Spellforged Servitor     Conj/Summ      ####......   100%        7    #######
 Ignition                 Fire           ######....   100%        8    #######
 Shatter                  Erth           ####......   100%        9    #######
 Tornado                  Air            ####......   100%        9    #######


Dungeon Overview and Level Annotations

Branches:
Dungeon (12/15)            Temple (0/1) D:6            Lair (5/6) D:9
  Swamp (0/4) Lair:3        Snake (0/4) Lair:3          Orc (0/2) D:10
Volcano (visited)
  Slime: Lair:5-6

Altars:
Ashenzari
Elyvilon
Fedhas
Okawaru
Qazlal
Ru
Sif Muna
Trog
Uskayaw
Vehumet
Yredelemnul

Shops:
D:11 }

Annotations:
Lair:1 exclusion: 2 oklob plants
Lair:2 exclusion: oklob plant


Innate Abilities, Weirdness & Mutations

Your experience applies equally to all skills.
You have very sharp teeth.
Your uncanny sense of smell can sniff out nearby items.


Message History

You whack the porcupine!
You kill the porcupine!
Okawaru accepts your kill.
You see here a porcupine corpse.
You butcher the porcupine corpse.
C - a chunk of flesh You see here a porcupine skeleton.
Eating a chunk of flesh.
You eat the chunk of flesh.
This raw flesh tastes terrible.
A death yak simulacrum comes into view.
The death yak simulacrum gores you! The death yak simulacrum freezes you!!!
You feel a terrible chill!
You hit the death yak simulacrum.
You bite the death yak simulacrum, but do no damage.
The death yak simulacrum is lightly damaged.
Your spectral weapon hits the death yak simulacrum!
The death yak simulacrum gores you! The death yak simulacrum freezes you!!!
You feel a terrible chill!
Ouch! That really hurt!
You die...

*** *.#* *## ##*#
*#.###.# #.##
*,.....##**# #...
*##.....##.##*##*##...
#.....#.#.P.#PP##....
##...................
#P..Z................
*#..@(...............
#...................
##...#...##..........
#.....#.##..#......#.
#.....#.....P.....#.#
#.....#.#..........##
#.......#..P....P..#
##.....รท...###...###
#.......#..##.#.##


You could see a death yak simulacrum and a friendly spectral +8 whip "Snakebite"
{curare, rPois}.

Vanquished Creatures
  Gastronok (Lair:1)
  The ghost of Vabeppot the Carver, a journeyman DrGl of Ashenzari (Lair:5)
  Josephine (D:11)
  A catoblepas (Lair:4)
  A dancing weapon (Volcano)
  A two-headed ogre (D:9)
  Sonja (Lair:1)
  5 wizards (Volcano)
  A lindwurm (Lair:5)
  Pikel (D:4)
  7 black mambas
  5 toenail golems (Volcano)
  2 elephants
  A torpor snail (Lair:4)
  6 spiny frogs
  A centaur skeleton (D:11)
  4 rime drakes
  7 komodo dragons
  8 blink frogs
  Grinder (D:5)
  3 hippogriffs
  A spriggan (D:7)
  A shadow (D:11)
  6 wraiths
  46 yaks
  A hungry ghost (D:10)
  Grum (D:9)
  4 basilisks
  A catoblepas simulacrum (Lair:5)
  A death yak simulacrum (Lair:5)
  Duvessa (D:5)
  13 water moccasins
  A hydra simulacrum (Lair:5)
  4 orc warriors
  7 porcupines
  4 black bears
  4 sky beasts
  2 slaves (D:3)
  An eye of draining (D:11)
  A necrophage (D:10)
  A phantom (D:10)
  6 centaurs
  3 ice beasts
  8 ogres
  8 crocodiles
  17 wolves
  A big kobold (D:8)
  12 bullfrogs
  A spiny frog simulacrum (Lair:5)
  Dowan (D:5)
  4 scorpions
  A jelly (D:10)
  10 killer bees
  A dream sheep simulacrum (Lair:5)
  10 wights (D:10)
  8 electric eels
  5 howler monkeys
  A rime drake simulacrum (Lair:5)
  A torpor snail simulacrum (Lair:5)
  A centaur zombie (D:8)
  5 crimson imps
  A bullfrog zombie (D:6)
  7 hounds
  3 bullfrog skeletons
  10 orc priests
  4 iguanas
  20 orc wizards
  10 worker ants
  A howler monkey zombie (D:5)
  2 worker ant zombies
  4 gnolls (D:11)
  17 adders
  2 shadow imps
  A white imp (D:12)
  2 oozes
  3 worms
  2 dart slugs
  4 leopard geckos
  48 orcs
  2 ball pythons
  5 giant cockroaches
  5 hobgoblins
  14 jackals
  4 quokkas
  8 bats
  7 frilled lizards
  8 goblins
  18 kobolds
  A quokka skeleton (D:5)
  7 rats
484 creatures vanquished.

Vanquished Creatures (others)
  29 bushes (Lair:2)
  9 fungi
  13 plants
  28 spectral weapons
79 creatures vanquished.

Grand Total: 563 creatures vanquished

Notes
Turn   | Place    | Note
-------+----------+-------------------------------------------
     0 | D:1      | keltmir the Gnoll Skald began the quest for the Orb.
     0 | D:1      | Reached XP level 1. HP: 20/20 MP: 6/6
   214 | D:1      | Reached XP level 2. HP: 25/26 MP: 7/7
   495 | D:1      | Reached XP level 3. HP: 31/31 MP: 3/9
   506 | D:1      | Learned a level 3 spell: Spectral Weapon
   695 | D:1      | Reached skill level 5 in Spellcasting
   927 | D:2      | Found a shimmering blue altar of Sif Muna.
  1400 | D:2      | Reached skill level 1 in Invocations
  1709 | D:3      | Reached skill level 1 in Short Blades
  1709 | D:3      | Reached skill level 1 in Long Blades
  1709 | D:3      | Reached skill level 1 in Axes
  1709 | D:3      | Reached skill level 1 in Maces & Flails
  1709 | D:3      | Reached skill level 1 in Staves
  1709 | D:3      | Reached skill level 1 in Slings
  1709 | D:3      | Reached skill level 1 in Bows
  1709 | D:3      | Reached skill level 1 in Crossbows
  1709 | D:3      | Reached skill level 1 in Throwing
  1709 | D:3      | Reached skill level 1 in Stealth
  1709 | D:3      | Reached skill level 1 in Shields
  1709 | D:3      | Reached skill level 1 in Unarmed Combat
  1709 | D:3      | Reached skill level 1 in Evocations
  1709 | D:3      | Reached XP level 4. HP: 28/38 MP: 7/11
  1751 | D:3      | Found a blossoming altar of Fedhas.
  1754 | D:3      | Found a radiant altar of Vehumet.
  1756 | D:3      | Found a bloodstained altar of Trog.
  1831 | D:3      | Reached skill level 1 in Conjurations
  1831 | D:3      | Reached skill level 1 in Hexes
  1831 | D:3      | Reached skill level 1 in Summonings
  1831 | D:3      | Reached skill level 1 in Necromancy
  1831 | D:3      | Reached skill level 1 in Translocations
  1831 | D:3      | Reached skill level 1 in Transmutations
  1831 | D:3      | Reached skill level 1 in Fire Magic
  1831 | D:3      | Reached skill level 1 in Ice Magic
  1831 | D:3      | Reached skill level 1 in Air Magic
  1831 | D:3      | Reached skill level 1 in Earth Magic
  1831 | D:3      | Reached skill level 1 in Poison Magic
  1873 | D:3      | Reached XP level 5. HP: 27/43 MP: 12/12
  2619 | D:3      | Found a sacrificial altar of Ru.
  3021 | D:3      | Reached XP level 6. HP: 22/50 MP: 9/13
  3686 | D:4      | Reached skill level 5 in Fighting
  3686 | D:4      | Reached skill level 5 in Polearms
  3686 | D:4      | Reached skill level 5 in Dodging
  4055 | D:3      | Reached XP level 7. HP: 16/56 MP: 13/15
  4445 | D:4      | Found an iron altar of Okawaru.
  4452 | D:4      | Became a worshipper of Warmaster Okawaru
  4812 | D:4      | Noticed Pikel
  4823 | D:4      | Paralysed by Pikel for 2 turns
  4829 | D:4      | Killed Pikel
  4829 | D:4      | Reached * piety under Okawaru
  4829 | D:4      | Reached XP level 8. HP: 46/63 MP: 13/16
  5261 | D:5      | Entered Level 5 of the Dungeon
  5261 | D:5      | Noticed Grinder
  5264 | D:5      | Paralysed by Grinder for 6 turns
  5607 | D:5      | Paralysed by Grinder for 4 turns
  5897 | D:5      | Paralysed by Grinder for 4 turns
  5906 | D:5      | Killed Grinder
  5906 | D:5      | Reached skill level 6 in Spellcasting
  5956 | D:5      | Noticed Dowan
  5958 | D:5      | Noticed Duvessa
  6230 | D:5      | Killed Duvessa
  6233 | D:5      | Killed Dowan
  6391 | D:5      | Reached ** piety under Okawaru
  6580 | D:5      | Reached XP level 9. HP: 69/69 MP: 14/18
  6590 | D:5      | Found a hide-covered altar of Uskayaw.
  7708 | D:6      | Found a shattered altar of Ashenzari.
  7732 | D:6      | Reached skill level 5 in Armour
  8340 | D:6      | Learned a level 3 spell: Regeneration
  8343 | D:6      | Learned a level 2 spell: Song of Slaying
  8521 | D:6      | Found a staircase to the Ecumenical Temple.
  8595 | D:6      | Reached skill level 5 in Invocations
  8597 | D:6      | Found a stormy altar of Qazlal.
  8708 | D:6      | Reached *** piety under Okawaru
  8821 | D:6      | You fall into a shaft and drop 2 floors!
  8980 | D:8      | Found a white marble altar of Elyvilon.
  9459 | D:7      | Reached XP level 10. HP: 72/77 MP: 16/20
  9465 | D:7      | Reached skill level 7 in Spellcasting
  9870 | D:7      | Found a basalt altar of Yredelemnul.
 10045 | D:7      | Reached skill level 5 in Short Blades
 10045 | D:7      | Reached skill level 5 in Long Blades
 10045 | D:7      | Reached skill level 5 in Axes
 10045 | D:7      | Reached skill level 5 in Maces & Flails
 10045 | D:7      | Reached skill level 5 in Staves
 10045 | D:7      | Reached skill level 5 in Slings
 10045 | D:7      | Reached skill level 5 in Bows
 10045 | D:7      | Reached skill level 5 in Crossbows
 10045 | D:7      | Reached skill level 5 in Throwing
 10045 | D:7      | Reached skill level 5 in Stealth
 10045 | D:7      | Reached skill level 5 in Shields
 10045 | D:7      | Reached skill level 5 in Unarmed Combat
 10045 | D:7      | Reached skill level 5 in Evocations
 10794 | D:8      | Received a gift from Okawaru
 12070 | D:8      | Reached **** piety under Okawaru
 12234 | D:9      | Noticed a two-headed ogre
 12246 | D:9      | Killed a two-headed ogre
 14073 | D:9      | Noticed an elephant
 14313 | D:8      | Killed an elephant
 14313 | D:8      | Reached XP level 11. HP: 15/84 MP: 20/22
 14681 | D:9      | Reached ***** piety under Okawaru
 14943 | D:9      | Found a staircase to the Lair.
 14974 | D:9      | Noticed Grum
 15007 | D:9      | Killed Grum
 15315 | D:9      | Identified Sisonwol's Incunabulum of Mutagenic Displacement
 15322 | D:9      | Learned a level 3 spell: Teleport Other
 15491 | D:10     | Entered Level 10 of the Dungeon
 15743 | D:10     | Reached skill level 5 in Translocations
 16306 | D:10     | Found a staircase to the Orcish Mines.
 16311 | D:10     | Received a gift from Okawaru
 16467 | D:10     | Reached skill level 5 in Conjurations
 16467 | D:10     | Reached skill level 5 in Hexes
 16467 | D:10     | Reached skill level 5 in Summonings
 16467 | D:10     | Reached skill level 5 in Necromancy
 16467 | D:10     | Reached skill level 5 in Transmutations
 16467 | D:10     | Reached skill level 5 in Fire Magic
 16467 | D:10     | Reached skill level 5 in Ice Magic
 16467 | D:10     | Reached skill level 5 in Air Magic
 16467 | D:10     | Reached skill level 5 in Earth Magic
 16467 | D:10     | Reached skill level 5 in Poison Magic
 16699 | D:10     | Reached skill level 8 in Spellcasting
 17536 | D:10     | Received a gift from Okawaru
 18479 | D:11     | Learned a level 3 spell: Dazzling Spray
 18483 | D:11     | Learned a level 3 spell: Tukima's Dance
 18547 | D:11     | Noticed Josephine
 18558 | D:11     | Killed Josephine
 18577 | D:11     | Reached XP level 12. HP: 61/93 MP: 18/24
 18736 | D:11     | Found a stormy altar of Qazlal.
 18879 | D:11     | Found Itsighuy's Gadget Shoppe.
 19693 | Lair:1   | Entered Level 1 of the Lair of Beasts
 19729 | Lair:1   | Noticed Sonja
 19751 | Lair:1   | Killed Sonja
 19995 | Lair:1   | Noticed Gastronok
 20014 | Lair:1   | Killed Gastronok
 21067 | Lair:1   | Received a gift from Okawaru
 21067 | Lair:1   | Reached skill level 9 in Spellcasting
 21206 | Lair:2   | HP: 4/94 [spiny frog (22)]
 22054 | Lair:1   | HP: 1/94 [yak (15)]
 22167 | Lair:1   | Got a faintly glowing chain mail
 22178 | Lair:1   | Identified the +0 chain mail "Ikhud" {*Drain rCorr Int+2}
                  | (You found it on level 1 of the Lair of Beasts)
 24516 | Lair:1   | Reached XP level 13. HP: 25/101 MP: 26/26
 26176 | Lair:3   | Found the +8 whip "Snakebite" {curare, rPois}
 26890 | Lair:3   | Found a staircase to the Swamp.
 26978 | Lair:3   | Found a staircase to the Snake Pit.
 27958 | Lair:4   | Received a gift from Okawaru
 29069 | Lair:5   | Found a dark tunnel.
 29113 | Volcano  | Entered a volcano
 29249 | Volcano  | Received a gift from Okawaru
 29352 | Volcano  | Received a gift from Okawaru
 29367 | Volcano  | Reached skill level 10 in Spellcasting
 29541 | Lair:5   | Received a gift from Okawaru
 29541 | Lair:5   | Reached XP level 14. HP: 87/109 MP: 28/28
 29549 | Lair:5   | Got a shimmering helmet {god gift}
 29559 | Lair:5   | Identified the +1 helmet "Xihor" {rN+ rCorr} (Okawaru
                  | gifted it to you on level 5 of the Lair of Beasts)
 29853 | Lair:5   | Found a runed translucent gate.
 29853 | Lair:5   | Found a runed translucent gate.
 29855 | Lair:5   | Found a runed translucent gate.
 30129 | Lair:5   | Noticed Vabeppot's ghost (journeyman DrGl)
 30162 | Lair:5   | Killed Vabeppot's ghost
 30462 | Lair:5   | Got a polished great sword
 30465 | Lair:5   | Got the ring of Pemodo Qoemn {Fire}
 30468 | Lair:5   | Identified the ring of Pemodo Qoemn {Fire rElec MR+ Stlth+}
                  | (You found it on level 5 of the Lair of Beasts)
 30474 | Lair:5   | Identified the +3 great sword "Yrourug" {elec, rC+} (You
                  | found it on level 5 of the Lair of Beasts)
 30970 | Lair:5   | Demolished by a death yak simulacrum

Levels and vault maps discovered:
D:1:      scummos_arrival_hexagon, layout_loops_ring, minivault_25,
          kennysheep_boxes
D:2:      layout_basic, lemuel_blue_sif_altar, first_ration
D:3:      layout_loops_corners, grunt_temple_overflow_diamond,
          nicolae_ru_the_path_less_chosen, portal_sewer_entry_d
D:4:      layout_basic, overflow_temple_1_default, serial_park_tiny_2,
          corexii_hall_statues_x, uniq_pikel
D:5:      layout_rooms, lemuel_coloured_pillars_altar, serial_co_window_serial,
          co_window_corner_a, co_window_corner_a, co_window_paths_a,
          co_window_of_opportunity_a, co_window_corner_a, co_window_cross_4,
          co_window_corner_cb, co_window_broadway_b, co_window_unsneaky_path_a,
          co_window_4corner_b, glass_columns_b, glass_columns_a,
          glass_columns_a, glass_columns_a, hangedman_decor_riveting,
          uniq_duvessa, uniq_grinder
D:6:      cheibrodos_barr_body, layout_basic, grunt_qazlal_sundering,
          minmay_temple_entry_fiery, ashenzari_altar_1
D:7:      layout_loops_ring, the_bakery, kennysheep_crisscross,
          yredelemnul_altar_generic
D:8:      layout_loops_ring, elyvilon_altar_4
D:9:      layout_basic, david_lair_generic, chequers_serial_rivers_micro_b,
          uniq_grum
D:10:     layout_grid_maze, orc_0_dummy
D:11:     layout_basic, serial_shops, shop, basic_altar, uniq_josephine
D:12:     minmay_bloctagon, layout_long_grid, serial_ice, serial_ice_a,
          serial_ice_b, serial_ice_e, serial_ice_f,
          portal_ice_cave_entry_pillars_2
Lair:1:   layout_hall_layers, nicolae_quartered_pool_super,
          minmay_lair_oklob_chamber, uniq_gastronok, uniq_sonja
Lair:2:   layout_gridlike, serial_forest, infiniplex_forest_lined_room_3,
          infiniplex_forest_zigzag_1, infiniplex_forest_clump_long,
          infiniplex_forest_straight_2, infiniplex_forest_clump_medium,
          infiniplex_forest_end_double, infiniplex_forest_fountain,
          infiniplex_forest_straight_2, infiniplex_forest_clump_small,
          infiniplex_forest_lined_3, minmay_lair_oklob_bushes,
          serial_bayou_lake_a
Lair:3:   minmay_guarded_unrand_snakebite, layout_big_grid, swamp_mist_pool,
          dummy_snake_entry, minmay_shattered_shrine
Lair:4:   layout_cave_pods
Lair:5:   layout_gridlike, nicolae_volcano_entry_vermiform, gammafunk_ghost_icy

Skill      XL: |  1  2  3  4  5  6  7  8  9 10 11 12 13 14 |
---------------+-------------------------------------------+-----
Spellcasting   | 5 6 7 8 9 10 | 10.1
Invocations    | 1 2 3 4 5 6 7 8 9 |  9.6
Short Blades   | 1 2 3 4 5 6 7 8 |  8.8
Long Blades    | 1 2 3 4 5 6 7 8 |  8.8
Axes           | 1 2 3 4 5 6 7 8 |  8.8
Maces & Flails | 1 2 3 4 5 6 7 8 |  8.8
Staves         | 1 2 3 4 5 6 7 8 |  8.8
Slings         | 1 2 3 4 5 6 7 8 |  8.8
Bows           | 1 2 3 4 5 6 7 8 |  8.8
Crossbows      | 1 2 3 4 5 6 7 8 |  8.8
Throwing       | 1 2 3 4 5 6 7 8 |  8.8
Stealth        | 1 2 3 4 5 6 7 8 |  8.8
Shields        | 1 2 3 4 5 6 7 8 |  8.8
Unarmed Combat | 1 2 3 4 5 6 7 8 |  8.8
Evocations     | 1 2 3 4 5 6 7 8 |  8.8
Conjurations   | 1 2 3 4 5 6 7 |  7.3
Hexes          | 1 2 3 4 5 6 7 |  7.3
Summonings     | 1 2 3 4 5 6 7 |  7.3
Necromancy     | 1 2 3 4 5 6 7 |  7.3
Translocations | 1 2 3 4 6 7 8 9 |  9.2
Transmutations | 1 2 3 4 5 6 7 |  7.3
Fire Magic     | 1 2 3 4 5 6 7 |  7.3
Ice Magic      | 1 2 3 4 5 6 7 |  7.3
Air Magic      | 1 2 3 4 5 6 7 |  7.3
Earth Magic    | 1 2 3 4 5 6 7 |  7.3
Poison Magic   | 1 2 3 4 5 6 7 |  7.3
Armour         | 3 4 5 6 7 8 9 |  9.2
Fighting       | 5 6 7 8 9 |  9.9
Polearms       | 5 6 7 8 9 |  9.9
Dodging        | 5 6 7 8 9 |  9.9
Charms         | 6 7 8 9 |  9.2

Action                   |  1- 3 |  4- 6 |  7- 9 | 10-12 | 13-15 || total
-------------------------+-------+-------+-------+-------+-------++-------
Melee: Spear             |   110 |   181 |    21 |       |       ||   312
       Bite              |     9 |    23 |    34 |    99 |    64 ||   229
       Punch             |       |     1 |     5 |     7 |       ||    13
       Trident           |       |       |   201 |    59 |       ||   260
       Short sword       |       |       |    88 |   299 |       ||   387
       Halberd           |       |       |       |   256 |       ||   256
       Mace              |       |       |       |   131 |   103 ||   234
       Whip              |       |       |       |       |   278 ||   278
Throw: Dart              |       |       |    15 |    29 |       ||    44
       Boomerang         |       |       |       |    64 |    90 ||   154
 Cast: Infusion          |     4 |       |       |       |       ||     4
       Spectral Weapon   |     1 |    19 |    43 |    92 |    53 ||   208
       Regeneration      |       |       |       |     8 |     1 ||     9
       Song of Slaying   |       |       |       |     3 |     1 ||     4
Invok: Heroism           |       |       |       |     4 |     2 ||     6
       Finesse           |       |       |       |     1 |     2 ||     3
Evoke: Wand              |       |       |       |     6 |       ||     6
  Use: Scroll            |     3 |     6 |     4 |    15 |     2 ||    30
       Potion            |       |       |     1 |     9 |     1 ||    11
 Stab: Sleeping          |     2 |     1 |     3 |     7 |       ||    13
       Distracted        |       |       |     3 |     9 |    12 ||    24
       Paralysed         |       |       |       |     3 |       ||     3
  Eat: Chunk             |     2 |     8 |    18 |    29 |    11 ||    68
       Ration            |       |       |     1 |     7 |     3 ||    11
Armor: Leather armour    |    10 |    22 |    10 |    37 |       ||    79
       Skin              |       |       |    12 |       |       ||    12
       Robe              |       |       |    23 |     2 |       ||    25
       Ring mail         |       |       |       |    37 |       ||    37
       Chain mail        |       |       |       |    33 |    90 ||   123
Dodge: Dodged            |    61 |   107 |   188 |   581 |   134 ||  1071
Block: Buckler           |       |       |       |    76 |   120 ||   196

Table legend:
 A = Non-vault XP
 B = Vault XP
 C = Vault XP percentage of total XP
 D = Non-vault monster count
 E = Vault monster count
 F = Vault count percentage of total count
                 A         B        C        D         E       F
            +---------+---------+-------+---------+---------+-------
      Total |   34872 |   24514 |  41.3 |     405 |      77 |  16.0
            +---------+---------+-------+---------+---------+-------
        D:1 |      39 |       0 |   0.0 |      24 |       0 |   0.0
        D:2 |      22 |       0 |   0.0 |      13 |       0 |   0.0
        D:3 |     417 |      13 |   3.0 |      43 |       1 |   2.3
        D:4 |     328 |     559 |  63.0 |      21 |       1 |   4.5
        D:5 |    1306 |     506 |  27.9 |      28 |       3 |   9.7
        D:6 |     401 |     639 |  61.4 |      19 |      12 |  38.7
        D:7 |    1229 |     220 |  15.2 |      25 |       1 |   3.8
        D:8 |    1806 |     684 |  27.5 |      37 |       3 |   7.5
        D:9 |    1841 |     773 |  29.6 |      17 |       5 |  22.7
       D:10 |    2967 |       0 |   0.0 |      38 |       0 |   0.0
       D:11 |    4724 |    2128 |  31.1 |      39 |       6 |  13.3
       D:12 |       0 |      10 | 100.0 |       0 |       1 | 100.0
     Lair:1 |    4379 |    3620 |  45.3 |      24 |       4 |  14.3
     Lair:2 |    4155 |     500 |  10.7 |      23 |       1 |   4.2
     Lair:3 |    3381 |    4244 |  55.7 |      21 |      16 |  43.2
     Lair:4 |    4882 |       0 |   0.0 |      19 |       0 |   0.0
     Lair:5 |    2995 |    3763 |  55.7 |      14 |      12 |  46.2
    Volcano |       0 |    6855 | 100.0 |       0 |      11 | 100.0
            +---------+---------+-------+---------+---------+-------
